 Dungeon Crawl Stone Soup version 0.31-a0-716-gc7603755dd (webtiles) character file.

Game seed: 16047289930146364724

135363 pokeman the Sorcerer (level 16, -2/92 HPs)
             Began as a Deep Elf Hedge Wizard on Sept 10, 2023.
             Was the Champion of Vehumet.
             Splashed by a goliath frog's acid (3 damage)
             ... on level 2 of the Swamp.
             The game lasted 01:19:51 (26504 turns).

pokeman the Sorcerer (Deep Elf Hedge Wizard)       Turns: 26504, Time: 01:19:52

Health: -2/92      AC: 13    Str: 12    XL:     16   Next: 64%
Magic:  47/55      EV: 13    Int: 28    God:    Vehumet [******]
Gold:   4097       SH:  0    Dex: 14    Spells: 22/63 levels left

rFire   + + .        W - staff of fire
rCold   . . .        (no shield)
rNeg    . . .        H - +2 robe {rC+}
rPois   +            T - +2 hat of Cheibriados's Approval {rPois Will+ Str+3}
rElec   .            R - +2 cloak {Will+}
rCorr   +            G - +1 Delatra's gloves {ID++}
SInv    +            e - +0 pair of boots
Will    ++++.        r - amulet of magic regeneration
Stlth   +            Q - ring of magical power
HPRegen 0.35/turn    O - ring "Acidoxze" {Fire Will+ rCorr Str+2 SInv}
MPRegen 0.74/turn

%: no passive effects
@: very slow
A: no striking features
a: Renounce Religion


You were on level 2 of the Swamp.
You worshipped Vehumet.
Vehumet was exalted by your worship.
You visited 5 branches of the dungeon, and saw 25 of its levels.
You also visited: Sewer, Ossuary, Bailey and Gauntlet.

You collected 5665 gold pieces.
You spent 1568 gold pieces at shops.

Inventory:

Missiles
 f - a throwing net
 q - 3 curare-tipped darts
Armour
 e - a +0 pair of boots (worn)
 G - the +1 Delatra's gloves (worn) {ID++}
   (You found it on level 5 of the Dungeon)

   ID++:      It heals its wearer when they drink unknown potions, and restores
   their MP when they read unknown scrolls.
 H - a +2 robe of cold resistance (worn)
 R - a +2 cloak of willpower (worn)
 S - a +2 leather armour of fire resistance
 T - the +2 hat of Cheibriados's Approval (worn) {rPois Will+ Str+3}
   (You found it in a Gauntlet)

   Str+3:     It affects your strength (+3).
   rPois:     It protects you from poison Will+: It increases your willpower.
Magical Staves
 o - a staff of earth
 W - a staff of fire (weapon)
Jewellery
 j - a ring of flight
 r - an amulet of magic regeneration (around neck)
 O - the ring "Acidoxze" (right hand) {Fire Will+ rCorr Str+2 SInv}
   (You bought it in a shop on level 10 of the Dungeon)

   [ring of fire]

   Fire:      It enhances your fire magic.
   Str+2:     It affects your strength (+2).
   rF+:       It protects you from fire.
   rC-:       It makes you vulnerable to cold.
   Will+:     It increases your willpower.
   SInv:      It lets you see invisible.
   rCorr:     It protects you from acid and corrosion.
 Q - a ring of magical power (left hand)
Wands
 s - a wand of digging (3)
 N - a wand of quicksilver (2)
Scrolls
 a - a scroll of vulnerability
 c - a scroll of butterflies
 k - 9 scrolls of teleportation
 n - 8 scrolls of blinking
Potions
 b - a potion of lignification
 d - 6 potions of magic
 h - 6 potions of haste
 i - 8 potions of curing
 D - 8 potions of heal wounds
Miscellaneous
 P - a phial of floods


   Skills:
 - Level 7.0 Fighting
 - Level 7.0 Armour
 - Level 3.0 Dodging
 - Level 3.0 Stealth
 + Level 5.7 Shields
 * Level 24.3 Spellcasting
 + Level 15.0 Conjurations
 - Level 1.1 Summonings
 - Level 5.2 Necromancy
 - Level 1.1 Translocations
 + Level 14.0 Fire Magic
 - Level 1.0 Ice Magic
 - Level 1.0 Air Magic
 - Level 3.1 Earth Magic
 - Level 1.1 Poison Magic
 - Level 1.1 Evocations


You had 22 spell levels left.
You knew the following spells:

 Your Spells              Type           Power      Damage    Failure   Level
a - Magic Dart            Conj           100%       1d8       0%          1
b - Mephitic Cloud        Conj/Pois/Air  60%        N/A       1%          3
c - Call Imp              Summ           80%        N/A       1%          2
d - Blink                 Tloc           80%        N/A       1%          2
e - Foxfire               Conj/Fire      100%       2x1d9     0%          1
f - Fireball              Conj/Fire      65%        3d25      1%          5
g - Freezing Cloud        Conj/Ice/Air   30%        6-21      1%          5
h - Dispel Undead         Necr           59%        3d21      1%          4
i - Lee's Rapid Deconstr  Erth           25%        3d14*     1%          5
j - Leda's Unmaking       Conj/Erth      35%        9d6       1%          6
k - Orb of Destruction    Conj           43%        9d12      1%          7

Your spell library contained the following spells:

 Spells                   Type           Power      Damage    Failure   Level
 Eringya's Noxious Bog    Tmut/Pois      18%        4d6       28%         6
 Searing Ray              Conj           100%       2d8       0%          2
 Apportation              Tloc           80%        N/A       1%          1
 Freeze                   Ice            100%       1d10      1%          1
 Slow                     Hex            100%       N/A       1%          1
 Cigotuvi's Dreadful Rot  Necr/Pois/Air  96%        N/A       1%          2
 Jinxbite                 Hex            68%        N/A       1%          2
 Lesser Beckoning         Tloc           80%        N/A       1%          2
 Static Discharge         Conj/Air       100%       2-7/arc   1%          2
 Sublimation of Blood     Necr           59%        N/A       1%          2
 Call Canine Familiar     Summ           40%        N/A       1%          3
 Dazzling Flash           Conj/Hex       100%       N/A       1%          3
 Frozen Ramparts          Ice            78%        1d12      1%          3
 Gell's Gravitas          Tloc           40%        N/A       1%          3
 Hailstorm                Conj/Ice       68%        3d14      1%          3
 Ignite Poison            Fire/Tmut/Pois 96%        N/A       1%          3
 Ozocubu's Armour         Ice            39%        N/A       1%          3
 Teleport Other           Tloc           40%        N/A       1%          3
 Airstrike                Air            20%        2d(3-19)  1%          4
 Fulminant Prism          Conj/Hex       33%        3d16      1%          4
 Iskenderun's Mystic Bla  Conj/Tloc      68%        2d14      1%          4
 Arcjolt                  Conj/Air       34%        1d44      1%          5
 Irradiate                Conj/Tmut      33%        3d22      1%          5
 Conjure Ball Lightning   Conj/Air       34%        3x3d11    1%          6
 Plasma Beam              Fire/Air       53%        2x1d68    1%          6
 Sigil of Binding         Hex            34%        N/A       2%          3
 Tukima's Dance           Hex            34%        N/A       2%          3
 Animate Armour           Summ/Erth      90%        N/A       3%          4
 Agony                    Necr           59%        N/A       3%          5
 Leda's Liquefaction      Hex/Erth       21%        N/A       4%          4
 Petrify                  Tmut/Erth      42%        N/A       4%          4
 Summon Ice Beast         Ice/Summ       39%        N/A       6%          4
 Summon Lightning Spire   Summ/Air       40%        N/A       6%          4
 Vhi's Electric Charge    Tloc/Air       80%        N/A       6%          4
 Dimensional Bullseye     Hex/Tloc       18%        N/A       8%          4
 Cause Fear               Hex            17%        N/A       9%          4
 Death Channel            Necr           29%        N/A       17%         6
 Alistair's Intoxication  Tmut/Pois      24%        N/A       21%         5
 Metabolic Englaciation   Hex/Ice        18%        N/A       21%         5
 Silence                  Hex/Air        18%        N/A       21%         5
 Simulacrum               Ice/Necr       25%        N/A       36%         6
 Discord                  Hex            17%        N/A       100%        8
 Disjunction              Tloc           20%        N/A       100%        8
 Dragon's Call            Summ           20%        N/A       100%        9


Dungeon Overview and Level Annotations

Branches:
Dungeon (15/15)            Temple (1/1) D:6            Lair (5/5) D:9
  Swamp (2/4) Lair:2        Snake (0/4) Lair:2        Slime (0/5) Lair:4
    Orc (2/2) D:10            Elf (0/3) Orc:2        Vaults (0/5) D:14
 Depths (0/4) D:15          Sewer (visited)         Ossuary (visited)
 Bailey (visited)         Gauntlet (visited)

Altars:
Ashenzari
Cheibriados
Dithmenos
Elyvilon
Fedhas
Gozag
Hepliaklqana
Kikubaaqudgha
Makhleb
Nemelex Xobeh
Okawaru
Qazlal
Ru
Sif Muna
Trog
Uskayaw
Vehumet
Wu Jian
Xom
Yredelemnul
Zin
The Shining One

Shops:
D:3 **   D:9 (   D:10 =   Orc:2 ?*=(

Portals:
Pandemonium: Orc:2


Message History

Press: ? - help, Shift-Dir - straight line You feel a strong surge of power!
The fireball explodes!
The fireball engulfs the eleionoma!
The eleionoma is severely wounded.
The fireball engulfs the swamp worm!!
The swamp worm is severely wounded.
The fireball engulfs the alligator!!!
You kill the alligator!
Vehumet accepts your kill.
You feel your power returning.
The swamp worm is engulfed in a cloud of scalding steam.
The swamp worm bites you.
A bloated husk comes into view.
The eleionoma is engulfed in a cloud of scalding steam.
The eleionoma hurls a spray of splinters at you.
The spray of wooden splinters hits you!!
* * * LOW HITPOINT WARNING * * *
The alligator is engulfed in a cloud of scalding steam.
The goliath frog is engulfed in a cloud of scalding steam.
Blink to where?
Press: ? - help, Dir - move target Splash!
As you read the scroll of blinking, it crumbles to dust.
You feel stable enough to blink again.
The swamp worm is engulfed in a cloud of scalding steam.
The swamp worm fires a harpoon shot at you.
The harpoon shot hits you!
* * * LOW HITPOINT WARNING * * *
You are yanked forward by the harpoon shot.
Splash!
A bunyip comes into view.
The eleionoma is engulfed in a cloud of scalding steam.
The eleionoma hurls a spray of splinters at you.
The spray of wooden splinters misses you.
The alligator is engulfed in a cloud of scalding steam.
The goliath frog is engulfed in a cloud of scalding steam.
The goliath frog hits you from afar!
* * * LOW HITPOINT WARNING * * *
You are splashed with acid.
You resist.
You die...

♣.~~§~.....~~.~
♣♣.~~~~......x.~
♣..~~~~~~~~n~~~~
....~§~~~~~~§~~
~.~.~~~.~~~~~§~
...♣.~~~..~~~~~~~~~~~
~~~♣.~~~~~~~..~~~~~§~
§§§....w@§~§..~§~~~~~
~~~.~§F§t~.♣♣.~~~~~~~
~§~~~§R§§~~.♣..>.~~~.
...~~~§~<§~§...§~~~..
♣♣♣...§§§§§§~~~~~~~..
♣♣♣...~♣♣.~~~§..~..
♣§~~.♣♣♣.~~~......
♣~~~..♣~~~......~~
♣....§~~.......~~~


You could see a bunyip (wandering), an eleionoma, an alligator, a goliath frog,
a swamp worm and a bloated husk.

Vanquished Creatures
  A caustic shrike zombie (D:15)
  2 orc warlords (Orc:2)
  An eleionoma (Lair:2)
  A minotaur (Gauntlet)
  Erolcha (Orc:1)
  8 hydras
  8 vault guards (D:14)
  2 demonspawn (Orc:2)
  The ghost of Stellion the Nimble, a journeyman DrMo of Hepliaklqana (Orc:2)
  A hell beast (Gauntlet)
  An ogre mage (D:15)
  A ghost crab (Swamp:1)
  3 alligators
  2 catoblepae
  6 centaur warriors
  9 two-headed ogres
  11 death yaks (Lair:5)
  A tengu warrior (D:14)
  A vampire mage (D:15)
  7 boulder beetles
  5 orc high priests (Orc:2)
  Urug (D:13)
  A spriggan (Swamp:1)
  A soul eater (Orc:2)
  2 deep elf knights (D:15)
  Nergalle (D:12)
  A skyshark (Lair:3)
  A sixfirhy (Gauntlet)
  2 goliath frogs (Swamp:1)
  6 skeletal warriors (D:15)
  Lodul (D:14)
  A spriggan druid (Swamp:1)
  A swamp dragon (Swamp:1)
  9 orc knights
  4 deep elf pyromancers
  11 ugly things
  A necromancer (D:15)
  2 deep elf zephyrmancers
  A stone giant zombie (D:15)
  A will-o-the-wisp (Swamp:1)
  10 orc sorcerers
  6 manticores
  2 cyclopes
  A stone giant skeleton (D:15)
  A salamander (Lair:2)
  10 black mambas
  2 torpor snails (Lair:5)
  18 elephants
  A rust devil (Orc:2)
  A kobold demonologist (D:11)
  15 cane toads
  2 gargoyles
  An unseen horror (D:13)
  11 komodo dragons
  2 rime drakes (Lair:4)
  2 tengu conjurers
  A freezing wraith (D:15)
  A red devil (Orc:2)
  An efreet (D:13)
  A guardian mummy (D:15)
  8 trolls
  A meliai (shapeshifter) (D:13)
  5 tyrant leeches (Swamp:1)
  13 polar bears
  15 blink frogs
  A hornet (Swamp:1)
  3 raiju
  8 dream sheep
  3 slime creatures (Lair:4)
  A vampire (D:9)
  A jumping spider (shapeshifter) (D:15)
  A ynoxinul (Orc:2)
  3 shadows
  2 wraiths
  5 wyverns
  36 yaks
  3 basilisks
  3 steam dragons
  13 vampire mosquitoes
  The ghost of Xavori the Sneak, an amateur OpCK of Xom (D:3)
  A human zombie (D:15)
  8 wargs
  Duvessa (D:7)
  2 swamp worms (Swamp:1)
  2 acid dragons
  14 water moccasins
  13 hell hounds (Lair:5)
  38 orc warriors
  A sky beast (D:7)
  2 swamp drakes (Swamp:1)
  16 black bears
  4 ice beasts
  12 ogres
  39 wolves
  18 centaurs
  A phantom (D:6)
  Blork the orc (D:6)
  3 kobold brigands
  15 bullfrogs
  3 scorpions
  5 water moccasin zombies
  2 wyvern zombies (D:6)
  A wyvern skeleton (D:6)
  11 wights
  Dowan (D:7)
  A water moccasin skeleton (D:6)
  20 killer bees
  A howler monkey (D:8)
  2 electric eels
  4 hounds
  3 lava snakes (Lair:2)
  4 bullfrog zombies (D:6)
  A centaur zombie (D:6)
  19 orc priests
  A bullfrog skeleton (D:6)
  A gnoll bouda (D:7)
  5 jellies
  A sleepcap (D:7)
  5 iguanas
  18 orc wizards
  A hell rat (Lair:5)
  2 killer bee zombies (D:6)
  2 mummies (Ossuary)
  9 gnolls
  11 adders
  3 river rats (Sewer)
  3 white imps
  4 ufetubi
  9 adder zombies (Ossuary)
  2 worms
  A dart slug (D:1)
  87 orcs
  13 ball pythons
  2 bats (D:1)
  5 endoplasms
  4 giant cockroaches
  4 gnoll zombies (Ossuary)
  13 goblins
  9 hobgoblins
  8 jackals
  13 kobolds
  4 quokkas
  3 frilled lizards (Sewer)
  6 hobgoblin zombies (Ossuary)
  3 kobold zombies (Ossuary)
  5 orc zombies (Ossuary)
  10 rats
872 creatures vanquished.

Vanquished Creatures (collateral kills)
  8 foxfires
8 creatures vanquished.

Vanquished Creatures (others)
  An orc warrior (D:10)
  A killer bee (D:7)
  1015 foxfires
1017 creatures vanquished.

Grand Total: 1897 creatures vanquished

Notes
Turn   | Place    | Note
-------+----------+-------------------------------------------
     0 | D:1      | pokeman the Deep Elf Hedge Wizard began the quest for the
                  | Orb.
     0 | D:1      | Reached XP level 1. HP: 10/10 MP: 7/7
   267 | D:1      | Reached XP level 2. HP: 15/15 MP: 7/9
   694 | D:1      | Reached skill level 5 in Spellcasting
   880 | D:2      | Reached XP level 3. HP: 16/20 MP: 6/11
   886 | D:2      | Learned a level 3 spell: Mephitic Cloud
   889 | D:2      | Learned a level 2 spell: Call Imp
   892 | D:2      | Learned a level 2 spell: Blink
  1383 | D:2      | Reached skill level 1 in Fighting
  1383 | D:2      | Reached skill level 1 in Armour
  1610 | D:2      | Reached XP level 4. HP: 19/25 MP: 1/13
  1816 | D:2      | Learned a level 4 spell: Dispel Undead
  2275 | D:3      | Found Kaon Bai's Assorted Antiques.
  2425 | D:3      | Found a radiant altar of Vehumet.
  2426 | D:3      | Found a basalt altar of Yredelemnul.
  2429 | D:3      | Became a worshipper of Vehumet
  2452 | D:3      | Found Puda Tudgh's General Store.
  2456 | D:3      | Bought a scroll of identify for 26 gold pieces
  2456 | D:3      | Bought a potion of degeneration for 13 gold pieces
  2482 | D:3      | Reached XP level 5. HP: 29/29 MP: 9/15
  2550 | D:3      | Found a transporter.
  2553 | D:3      | Found a transporter.
  2553 | D:3      | Noticed Xavori's ghost (amateur OpCK)
  2664 | D:3      | Identified a scroll of acquirement
  2672 | D:3      | Acquired 935 gold pieces
  2830 | D:3      | Found an ancient bone altar of Kikubaaqudgha.
  3337 | D:4      | Reached skill level 6 in Spellcasting
  3443 | D:4      | Reached skill level 1 in Necromancy
  3443 | D:4      | Reached skill level 1 in Air Magic
  3443 | D:4      | Reached skill level 1 in Poison Magic
  3450 | D:4      | Reached XP level 6. HP: 28/34 MP: 7/17
  3483 | D:4      | Found a sand-covered staircase.
  3489 | Ossuary  | Entered an ossuary
  3549 | Ossuary  | Reached * piety under Vehumet
  3549 | Ossuary  | Offered knowledge of Foxfire by Vehumet.
  3565 | Ossuary  | Learned a level 1 spell: Foxfire
  3594 | Ossuary  | Reached skill level 7 in Spellcasting
  3594 | Ossuary  | Reached skill level 1 in Ice Magic
  3594 | Ossuary  | Reached skill level 1 in Evocations
  3770 | Ossuary  | Reached skill level 1 in Fire Magic
  3770 | Ossuary  | Reached XP level 7. HP: 38/38 MP: 19/19
  3800 | Ossuary  | Offered knowledge of Scorch by Vehumet.
  3808 | Ossuary  | Reached ** piety under Vehumet
  4001 | D:4      | Reached skill level 8 in Spellcasting
  4153 | D:5      | Entered Level 5 of the Dungeon
  4221 | D:5      | Found a shadowy altar of Dithmenos.
  4391 | D:5      | Offered knowledge of Static Discharge by Vehumet.
  4395 | D:5      | Found an iron altar of Okawaru.
  4945 | D:5      | Reached XP level 8. HP: 31/44 MP: 16/22
  4973 | D:5      | Found the +1 Delatra's gloves {ID++}
  4976 | D:5      | Reached *** piety under Vehumet
  5675 | D:6      | Reached skill level 9 in Spellcasting
  5693 | D:6      | Found a burning altar of Makhleb.
  5762 | D:6      | Reached skill level 5 in Conjurations
  5891 | D:6      | Noticed Blork the orc
  5917 | D:6      | Killed Blork the orc
  5918 | D:6      | Reached skill level 10 in Spellcasting
  5929 | D:6      | Offered knowledge of Airstrike by Vehumet.
  6000 | D:6      | Found a staircase to the Ecumenical Temple.
  6092 | D:6      | Found a glowing drain.
  6100 | Sewer    | Entered a sewer
  6670 | D:6      | Reached XP level 9. HP: 48/48 MP: 17/25
  6785 | D:7      | Reached **** piety under Vehumet
  6886 | D:7      | Noticed Duvessa
  6886 | D:7      | Noticed Dowan
  6912 | D:7      | Killed Dowan
  6913 | D:7      | Reached skill level 5 in Necromancy
  6917 | D:7      | Killed Duvessa
  6918 | D:7      | Reached skill level 11 in Spellcasting
  6951 | D:7      | Found a sparkling altar of Nemelex Xobeh.
  7015 | D:7      | Offered knowledge of Arcjolt by Vehumet.
  7151 | D:7      | Found a flagged portal.
  7182 | Bailey   | Entered a bailey
  7376 | Bailey   | Noticed an orc knight
  7423 | Bailey   | Reached skill level 12 in Spellcasting
  7424 | Bailey   | Killed an orc knight
  7548 | Bailey   | Found a large runed translucent door.
  7548 | Bailey   | Found a large runed translucent door.
  7549 | Bailey   | Noticed a deep elf zephyrmancer
  7598 | Bailey   | Killed a deep elf zephyrmancer
  7599 | Bailey   | Reached XP level 10. HP: 18/56 MP: 26/28
  7631 | Bailey   | Identified the +1 leather armour "Meipouck" {Rampage rN+
                  | Dex+3}
  8071 | D:7      | Found a white marble altar of Elyvilon.
  8289 | D:8      | Reached skill level 13 in Spellcasting
  8625 | D:8      | Acquired 868 gold pieces
  8675 | D:8      | Reached skill level 5 in Fire Magic
  8697 | D:8      | Reached ***** piety under Vehumet
  8784 | D:8      | Offered knowledge of Freezing Cloud by Vehumet.
  8792 | D:8      | Learned a level 5 spell: Freezing Cloud
  9125 | D:9      | Identified the +2 spear "Qobefu" {freeze, MP-9 Int+4 Dex+5}
  9182 | D:9      | Reached skill level 14 in Spellcasting
  9286 | D:9      | Found a staircase to the Lair.
  9301 | D:9      | Reached XP level 11. HP: 26/61 MP: 25/31
  9536 | D:9      | Found Xuitay's Weapon Emporium.
 10031 | D:9      | Noticed a two-headed ogre
 10037 | D:9      | Killed a two-headed ogre
 10279 | D:9      | Found an ornate altar of the Wu Jian Council.
 10460 | D:10     | Entered Level 10 of the Dungeon
 10509 | D:10     | Found a shimmering altar of Xom.
 10635 | D:10     | Found Wyrilogh's Jewellery Shop.
 10722 | D:10     | Reached skill level 15 in Spellcasting
 10754 | D:10     | Noticed a two-headed ogre
 10761 | D:10     | Killed a two-headed ogre
 10898 | D:10     | Found a staircase to the Orcish Mines.
 11216 | D:10     | Learned a level 5 spell: Fireball
 11327 | D:10     | Bought the ring "Acidoxze" {Fire Will+ rCorr Str+2 SInv}
                  | for 619 gold pieces
 11460 | Temple   | Entered the Ecumenical Temple
 11626 | D:11     | Reached skill level 5 in Armour
 11926 | D:11     | Offered knowledge of Flame Wave by Vehumet.
 12110 | D:11     | Reached skill level 16 in Spellcasting
 12619 | D:12     | Noticed Nergalle
 12622 | D:12     | Killed Nergalle
 12659 | D:12     | Noticed a boulder beetle
 12751 | D:12     | Reached XP level 12. HP: 63/68 MP: 28/34
 12756 | D:12     | Killed a boulder beetle
 12844 | D:12     | Noticed a two-headed ogre
 12846 | D:12     | Killed a two-headed ogre
 12847 | D:12     | Reached skill level 5 in Fighting
 12849 | D:12     | Noticed a two-headed ogre
 12857 | D:12     | Killed a two-headed ogre
 12858 | D:12     | Reached skill level 10 in Conjurations
 13204 | D:12     | Noticed a centaur warrior
 13208 | D:12     | Killed a centaur warrior
 13209 | D:12     | Reached skill level 17 in Spellcasting
 13661 | D:13     | Noticed a five-headed hydra
 13670 | D:13     | Killed a five-headed hydra
 13739 | D:13     | Noticed a centaur warrior
 13742 | D:13     | Killed a centaur warrior
 13981 | D:13     | Noticed a centaur warrior
 13986 | D:13     | Killed a centaur warrior
 14208 | D:13     | Noticed a centaur warrior
 14211 | D:13     | Killed a centaur warrior
 14271 | D:13     | Noticed Urug
 14273 | D:13     | Killed Urug
 14315 | D:13     | Reached skill level 18 in Spellcasting
 14825 | D:14     | Noticed a tengu warrior
 14827 | D:14     | Killed a tengu warrior
 14833 | D:14     | Noticed a centaur warrior
 14834 | D:14     | Killed a centaur warrior
 14835 | D:14     | Reached XP level 13. HP: 68/74 MP: 6/37
 15082 | D:14     | Reached skill level 10 in Fire Magic
 15131 | D:14     | Reached skill level 19 in Spellcasting
 15385 | D:14     | Found a gate to the Vaults.
 15388 | D:14     | Offered knowledge of Lee's Rapid Deconstruction by Vehumet.
 15389 | D:14     | Noticed Lodul
 15392 | D:14     | Killed Lodul
 15570 | D:14     | Learned a level 5 spell: Lee's Rapid Deconstruction
 15571 | D:15     | Entered Level 15 of the Dungeon
 15728 | D:15     | Reached skill level 1 in Earth Magic
 15934 | D:15     | Reached skill level 1 in Shields
 16033 | D:15     | Reached XP level 14. HP: 82/82 MP: 16/39
 16035 | D:15     | Reached skill level 20 in Spellcasting
 16284 | D:15     | Found a staircase to the Depths.
 16831 | Lair:1   | Entered Level 1 of the Lair of Beasts
 16868 | Lair:1   | You fall into a shaft and drop 1 floor!
 17287 | Lair:1   | Found a sacrificial altar of Ru.
 18181 | Lair:2   | Found a staircase to the Swamp.
 18263 | Lair:2   | Found a staircase to the Snake Pit.
 18276 | Lair:2   | Reached skill level 21 in Spellcasting
 19202 | Lair:3   | Found the +4 robe of Folly {Brill Will-∞ Int+8}
 19566 | Lair:3   | Offered knowledge of Leda's Unmaking by Vehumet.
 19578 | Lair:3   | Learned a level 6 spell: Leda's Unmaking
 20083 | Lair:4   | Found a staircase to the Slime Pits.
 20498 | Lair:4   | Reached XP level 15. HP: 86/86 MP: 39/42
 20874 | Lair:5   | Entered Level 5 of the Lair of Beasts
 20879 | Lair:5   | Found a gate leading to a gauntlet.
 20891 | Gauntlet | Entered a Gauntlet
 20891 | Gauntlet | Found a transporter.
 20891 | Gauntlet | Found a transporter.
 20900 | Gauntlet | Found a transporter.
 20904 | Gauntlet | Found a transporter.
 20915 | Gauntlet | Found a transporter.
 20918 | Gauntlet | Found a transporter.
 20928 | Gauntlet | Found a transporter.
 20944 | Gauntlet | Found a transporter.
 20949 | Gauntlet | Found a transporter.
 20969 | Gauntlet | Found a transporter.
 20978 | Gauntlet | Found a transporter.
 20982 | Gauntlet | Found a transporter.
 21041 | Gauntlet | Identified the +2 hat of Cheibriados's Approval {rPois
                  | Will+ Str+3}
 21287 | Gauntlet | Identified the ring "Laepog" {+Blink rF+ Will- Str+7
                  | Stlth+}
 21359 | Gauntlet | Identified the +8 falchion of Poevelaj {chaos, rF+ SInv}
 21385 | Lair:5   | Reached skill level 22 in Spellcasting
 21567 | Lair:5   | Found an ancient bone altar of Kikubaaqudgha.
 22435 | Lair:5   | Reached ****** piety under Vehumet
 22476 | Lair:5   | Offered knowledge of Yara's Violent Unravelling by Vehumet.
 22482 | Lair:5   | Reached skill level 23 in Spellcasting
 22487 | Lair:5   | Identified the +0 leather armour of the Sun {rN++ Regen+
                  | Str+3 Dex-3}
 23303 | Orc:1    | Entered Level 1 of the Orcish Mines
 23375 | Orc:1    | Reached XP level 16. HP: 92/92 MP: 20/45
 23755 | Orc:2    | Entered Level 2 of the Orcish Mines
 23755 | Orc:2    | Noticed Erolcha
 23761 | Orc:1    | Killed Erolcha
 23798 | Orc:2    | Offered knowledge of Orb of Destruction by Vehumet.
 23825 | Orc:2    | Learned a level 7 spell: Orb of Destruction
 24217 | Orc:2    | Found a runed translucent gate.
 24238 | Orc:2    | Noticed Stellion's ghost (journeyman DrMo)
 24239 | Orc:2    | Found a runed translucent gate.
 24240 | Orc:2    | Found a runed translucent gate.
 24240 | Orc:2    | Identified the +1 kite shield "Neocac" {Str+3}
 24358 | Orc:2    | Found Fiodwamyp's General Store.
 24409 | Orc:2    | Found Vusah's Magic Scroll Boutique.
 24423 | Orc:2    | Bought a potion of haste for 140 gold pieces
 24425 | Orc:2    | Bought a scroll of teleportation for 42 gold pieces
 24425 | Orc:2    | Bought a scroll of acquirement for 728 gold pieces
 24546 | Orc:2    | Found a staircase to the Elven Halls.
 24547 | Orc:2    | Acquired 866 gold pieces
 24805 | Orc:2    | Reached skill level 5 in Shields
 24966 | Orc:2    | Found Nabruuts's Antique Weapon Shoppe.
 24966 | Orc:2    | Found Nommurph's Jewellery Emporium.
 24967 | Orc:2    | Found a one-way gate leading to the halls of Pandemonium.
 25087 | Orc:2    | Identified the amulet of Wuodiff {RegenMP rCorr Str+3 Int-4
                  | Stlth+}
 25118 | Orc:2    | Reached skill level 24 in Spellcasting
 25146 | Orc:2    | Killed Stellion's ghost
 25148 | Orc:2    | Offered knowledge of Eringya's Noxious Bog by Vehumet.
 25232 | Orc:2    | Identified the +0 pair of gloves "Gehocha Rack" {Str+3
                  | SInv}
 25452 | D:3      | Killed Xavori's ghost
 25703 | Swamp:1  | Entered Level 1 of the Swamp
 25888 | Swamp:1  | Reached skill level 15 in Conjurations
 26504 | Swamp:2  | HP: 1/92 [goliath frog (10)]
 26504 | Swamp:2  | Splashed by a goliath frog's acid

Illustrated notes

Levels and vault maps discovered:
D:1:      tekkud_arrival_beachfront_property, layout_rooms
D:2:      layout_loops_corners, kennysheep_generic_room_2
D:3:      layout_basic, mainiacjoe_overflow_divided_tiny,
          mainiacjoe_overflow_surrounded_room, serial_shops, shop, shop_statue,
          gammafunk_ghost_arena
D:4:      layout_rooms, enter_ossuary_2
D:5:      layout_layer_cave, nicolae_dithmenos_through_a_glass_darkly,
          okawaru_altar_gauntlet_db, chequers_serial_rivers_room_b,
          minmay_crystal_water, pf_guarded_unrand_delatra
D:6:      layout_rooms, lemuel_tele_altar, minmay_temple_entry_antechambers,
          serial_undead, serial_undead_c, serial_undead_b, serial_undead_e,
          serial_undead_a, serial_undead_d, serial_undead_a,
          cheibrodos_sewer_entry_bend, uniq_blork_the_orc
D:7:      layout_loops_cross, nemelex_xobeh_ov_fountains_minmay,
          mainiacjoe_overflow_cross_hatched, enter_bailey_7, uniq_duvessa
D:8:      layout_layer_cave, minivault_14
D:9:      layout_stronghold, nicolae_overflow_hidden_temple,
          due_lair_maze_entry_diamond, serial_shops, shop
D:10:     layout_loops_ring, mainiacjoe_overflow_brackets, orc_0_dummy,
          serial_shops, nicolae_shop_hallway_stairs
D:11:     layout_cave_pods, serial_co_window_serial, co_window_of_opportunity_a,
          co_window_paths_b, co_window_paths_a, co_window_paths_a,
          co_window_paths_a, co_window_paths_b, co_window_corner_a,
          co_window_corner_a, co_window_corner_a, co_window_of_opportunity_b,
          co_window_2corner, co_window_of_opportunity_b, co_window_broadway_b,
          co_window_of_opportunity_b, co_window_broadway_a,
          co_window_broadway_b, glass_columns_a, glass_columns_a,
          glass_columns_b, glass_columns_b, glass_columns_b
D:12:     layout_loops_ring, small_chamber_with_monster, uniq_nergalle
D:13:     layout_grid_maze, uniq_urug
D:14:     layout_rooms, erik_vaults_2, roderic_serpentine_path,
          amcnicky_mini_rare_corridor_liquid, kennysheep_nondescript, uniq_lodul
D:15:     gammafunk_depths_entry_grave, layout_loops_ring, nicolae_two_hexagons
Temple:   nicolae_temple_no_exploring_needed
Lair:1:   layout_small_grid, basic_altar, nzn_sisyphean_effort
Lair:2:   layout_cave_shapes, alex1729_swamp_entry_worm_eleionoma,
          nicolae_snake_entry_warm_welcome
Lair:3:   layout_concentric_octagons, serial_bayou_pond_e,
          dreamdust_deal_with_the_devil
Lair:4:   beargit_carnivore_pack, layout_cave_pods, minmay_slime_entry_pillars,
          infiniplex_staircase_pool, serial_bayou_shore_a
Lair:5:   hangedman_lair_caniforms_friends, layout_long_grid,
          hangedman_lair_in_review, basic_altar, gauntlet_entry_generic
Swamp:1:  layout_basic_swamp, evilmike_swamp_ruin_wall, swamp_pool1,
          nicolae_swamp_fairy_circle
Swamp:2:  nicolae_swamp_secret_spriggan_hideout, layout_basic_swamp,
          evilmike_swamp_ruin_house_5, swamp_pool5, nicolae_swamp_catching_bugs
Orc:1:    layout_caves, basic_altar
Orc:2:    pf_orc_diabolical, layout_caves, biasface_ghost_orc_armoury,
          minmay_orc_barracks, uniq_erolcha

Skill      XL: |  1  2  3  4  5  6  7  8  9 10 11 12 13 14 15 16 |
---------------+-------------------------------------------------+-----
Spellcasting   | 5 6 7 8 10 12 14 16 18 19 21 23 24 | 24.3
Conjurations   | 2 3 4 5 7 8 9 11 12 13 14 15 | 15.0
Fighting       | 1 2 3 4 6 7 |  7.0
Armour         | 1 2 3 4 5 6 7 |  7.0
Stealth        | 3 |  3.0
Dodging        | 3 |  3.0
Necromancy     | 1 2 4 5 |  5.2
Air Magic      | 1 |  1.0
Poison Magic   | 1 |  1.1
Ice Magic      | 1 |  1.0
Evocations     | 1 |  1.1
Fire Magic     | 1 2 4 6 7 9 10 12 13 14 | 14.0
Earth Magic    | 3 |  3.1
Shields        | 1 4 5 |  5.7
Summonings     | |  1.1
Translocations | |  1.1

Action                     |  1- 3 |  4- 6 |  7- 9 | 10-12 | 13-15 | 16-18 || total
---------------------------+-------+-------+-------+-------+-------+-------++-------
  Melee: Dagger            |     5 |     2 |       |       |       |       ||     7
         Spear             |       |   161 |    35 |       |       |       ||   196
         Punch             |       |     1 |       |       |       |       ||     1
         Hand axe          |       |       |    60 |    57 |       |       ||   117
         Short sword       |       |       |       |     3 |       |       ||     3
         Dire flail        |       |       |       |       |     2 |       ||     2
         Staff             |       |       |       |       |     3 |     4 ||     7
   Cast: Magic Dart        |    82 |    81 |     3 |       |     3 |     1 ||   170
         Mephitic Cloud    |     1 |     7 |    22 |    25 |     3 |     3 ||    61
         Foxfire           |       |    35 |   264 |   271 |       |       ||   570
         Blink             |       |       |     9 |     8 |     5 |     2 ||    24
         Dispel Undead     |       |       |     2 |     5 |     4 |       ||    11
         Call Imp          |       |       |     4 |     1 |       |     1 ||     6
         Freezing Cloud    |       |       |       |     8 |    17 |     4 ||    29
         Fireball          |       |       |       |    99 |   407 |   163 ||   669
         Leda's Unmaking   |       |       |       |       |       |     7 ||     7
         Orb of Destructio |       |       |       |       |       |     4 ||     4
  Evoke: Wand              |       |       |     6 |       |       |       ||     6
    Use: Scroll            |       |    10 |     8 |    12 |     3 |     2 ||    35
         Potion            |       |       |       |     1 |       |       ||     1
   Stab: Confused          |       |     5 |     9 |     4 |       |       ||    18
         Sleeping          |       |       |     1 |       |       |       ||     1
 Armour: Robe              |     9 |    98 |   124 |       |    46 |    24 ||   301
         Leather armour    |       |       |       |    99 |     9 |       ||   108
  Dodge: Dodged            |     8 |   106 |   274 |   173 |    51 |     9 ||   621

Table legend: (Time is in decaauts)
 A = Elapsed time spent in this place.
 B = Non-inter-level travel time spent in this place.
 C = Inter-level travel time spent in this place.
 D = Time resting spent in this place.
 E = Time spent auto-exploring this place.
 F = Levels seen in this place.
 G = Mean time per level.
                   A        B        C        D        E       F      G
               +--------+--------+--------+--------+--------+-----+--------+
         Total |  26680 |  24581 |   2099 |    442 |  19168 |  29 |  920.0 |
       Dungeon |  16086 |  14804 |   1282 |    288 |  11734 |  15 | 1072.4 |
        Temple |    115 |    106 |      9 |      0 |      0 |   1 |  115.0 |
          Lair |   5806 |   5167 |    639 |     82 |   4417 |   5 | 1161.2 |
         Swamp |    847 |    804 |     43 |      0 |    723 |   2 |  423.5 |
  Orcish Mines |   1993 |   1869 |    124 |      0 |   1475 |   2 |  996.5 |
         Sewer |    371 |    371 |      0 |      0 |    282 |   1 |  371.0 |
       Ossuary |    389 |    389 |      0 |      0 |    170 |   1 |  389.0 |
        Bailey |    590 |    590 |      0 |     33 |    268 |   1 |  590.0 |
      Gauntlet |    478 |    478 |      0 |     39 |     98 |   1 |  478.0 |
               +--------+--------+--------+--------+--------+-----+--------+

Top non-repeatable levels by time:
     D:9: 1606 daAuts
     D:5: 1556 daAuts
   Orc:2: 1515 daAuts
     D:2: 1409 daAuts
  Lair:1: 1311 daAuts
  Lair:5: 1279 daAuts
    D:13: 1270 daAuts
    D:15: 1149 daAuts
  Lair:2: 1129 daAuts
     D:3: 1118 daAuts
  Lair:4: 1118 daAuts
    D:11: 1053 daAuts
     D:7: 1039 daAuts
    D:10: 984 daAuts
  Lair:3: 967 daAuts
